 Dungeon Crawl Stone Soup version 0.19.1-1-g22dce08 (webtiles) character file.

134 Kiturien the Stinger (level 5, -5/32 HPs)
             Began as an Octopode Venom Mage on Jan 14, 2017.
             Was an Initiate of Sif Muna.
             Slain by Grinder (9 damage)
             ... on level 3 of the Dungeon.
             The game lasted 00:18:45 (2352 turns).

Kiturien the Stinger (Octopode Venom Mage)          Turns: 2352, Time: 00:18:47

Health: -5/32      AC:  1    Str:  7    XL:     5   Next: 17%
Magic:  1/9        EV: 13    Int: 18    God:    Sif Muna [......]
Gold:   93         SH:  0    Dex: 13    Spells: 2 memorised, 4 levels left

rFire  . . .     SeeInvis .     c - +0 dagger
rCold  . . .     Gourm    .     (no shield)
rNeg   . . .     Faith    .     (helmet restricted)
rPois  .         Spirit   .     (no amulet)
rElec  .         Reflect  .     (no ring)
rCorr  .         Harm     .     (no ring)
MR     .....                    (no ring)
Stlth  +++.......               (no ring)
                                (no ring)
                                (no ring)
                                (no ring)
                                (no ring)

@: very slightly contaminated
A: almost no armour, stealthy swim, amphibious, 8 rings, constrict 8, camouflage
1, gelatinous body 1
a: Renounce Religion


You were on level 3 of the Dungeon.
You worshipped Sif Muna.
Sif Muna was noncommittal.
You were hungry.

You visited 1 branch of the dungeon, and saw 3 of its levels.

You collected 93 gold pieces.

Inventory:

Hand Weapons
 c - a +0 dagger (weapon)
Scrolls
 d - a scroll of enchant armour {unknown}
 f - 2 scrolls of amnesia
 j - 4 scrolls of remove curse
 l - a scroll of enchant weapon {unknown}
 o - 2 scrolls of random uselessness {unknown}
 p - a scroll of identify
Potions
 e - a potion of ambrosia
 g - 2 potions of curing
 i - a potion of magic
 k - a potion of cancellation
 n - a potion of agility
Books
 a - a Young Poisoner's Handbook

   Spells                             Type                      Level
   a - Sting                          Conjuration/Poison           1
   b - Mephitic Cloud                 Conjuration/Poison/Air       3
   c - Olgreb's Toxic Radiance        Poison                       4
   d - Alistair's Intoxication        Transmutation/Poison         5
   e - Venom Bolt                     Conjuration/Poison           5
Comestibles
 h - a bread ration
 m - a beef jerky


   Skills:
 + Level 0.4 Fighting
 + Level 0.6 Short Blades
 + Level 2.3 Dodging
 + Level 3.0 Stealth
 + Level 2.8 Spellcasting
 + Level 1.3 Conjurations
 + Level 6.2 Poison Magic


You had 4 spell levels left.
You knew the following spells:

 Your Spells              Type           Power        Failure   Level  Hunger
a - Sting                 Conj/Pois      ###.         4%          1    None
b - Olgreb's Toxic Radia  Pois           ####....     17%         4    ####...


Dungeon Overview and Level Annotations

Branches:
Dungeon (3/15)

Altars:
Nemelex Xobeh
Sif Muna

Annotations:
D:3 Grinder, Sigmund


Innate Abilities, Weirdness & Mutations

You cannot wear most types of armour.
You are very stealthy in the water. (Stealth+)
You are amphibious.
You can wear up to eight rings at the same time.
You can use your tentacles to constrict eight enemies at once.
Your skin changes colour to match your surroundings (Stealth+).
Your rubbery body absorbs attacks. (AC +1, EV +1)


Message History

Grinder is lightly wounded.
You hit Grinder. You grab Grinder.
Grinder is lightly wounded.
You constrict Grinder. Grinder gestures at you. Pain shoots through your body!
You hit Grinder but do no damage. You squeeze Grinder.
Grinder is moderately wounded.
You constrict Grinder. Something hits you! Something freezes you.
Grinder says, "Just stop there for a second..."
Grinder hits you!
* * * LOW HITPOINT WARNING * * *
You feel better.
You constrict Grinder, but do no damage.
Grinder looks more healthy.
Something hits you.
* * * LOW HITPOINT WARNING * * *
Something freezes you.
* * * LOW HITPOINT WARNING * * *
Grinder hits you!
You die...

#........#
##...## #.#
#.###.##.#
##'## #.# #.#
#.##.#####.#
#.# #.#
#........#.#
#.# #.#
####.###.#.##
#.# #.# #.#
#....## #.#
#.######.#
#.....#### #.#
#........#
#........# #.#
##########
#.#.@###.####.#
#...5# #......#
###..###.######
#......#
#.###### #.#
#.# #.# #.#


You could see Grinder.

Vanquished Creatures
  An orc priest (D:3)
  Jessica (D:2)
  2 adders (D:3)
  8 orcs (D:3)
  9 bats
  3 giant cockroaches
  4 goblins
  5 hobgoblins (D:1)
  2 jackals (D:2)
  2 ball pythons (D:1)
  5 frilled lizards
  11 kobolds
  4 rats
57 creatures vanquished.

Notes
Turn   | Place    | Note
-------+----------+-------------------------------------------
     0 | D:1      | Kiturien the Octopode Venom Mage began the quest for the Orb.
     0 | D:1      | Reached XP level 1. HP: 11/11 MP: 3/3
    30 | D:1      | Reached skill level 5 in Poison Magic
   348 | D:1      | Reached XP level 2. HP: 17/17 MP: 1/5
   672 | D:1      | Reached XP level 3. HP: 10/21 MP: 0/6
   943 | D:2      | Noticed Jessica
   953 | D:2      | Killed Jessica
   953 | D:2      | Reached skill level 1 in Conjurations
  1064 | D:2      | Reached XP level 4. HP: 20/27 MP: 1/7
  1342 | D:2      | Found a sparkling altar of Nemelex Xobeh.
  1343 | D:2      | Found a deep blue altar of Sif Muna.
  1459 | D:2      | Became a worshipper of Sif Muna the Loreminder
  1530 | D:3      | Learned a level 4 spell: Olgreb's Toxic Radiance
  1765 | D:3      | Reached skill level 6 in Poison Magic
  2039 | D:3      | Reached XP level 5. HP: 29/32 MP: 1/9
  2332 | D:3      | Noticed Grinder
  2333 | D:3      | Noticed Sigmund
  2335 | D:3      | Paralysed by Grinder for 5 turns
  2342 | D:3      | Paralysed by Grinder for 4 turns
  2352 | D:3      | Slain by Grinder

Skill      XL: |  1  2  3  4 |
---------------+-------------+-----
Poison Magic   | 5 6 |  6.2
Conjurations   | 1 |  1.3
Stealth        | 3 |  3.0
Fighting       | |  0.4
Short Blades   | |  0.6
Dodging        | |  2.3
Spellcasting   | |  2.8

Action                   |  1- 3 |  4- 6 || total
-------------------------+-------+-------++-------
Melee: Unarmed           |    17 |       ||    17
       Constrict         |    12 |     8 ||    20
       Tentacles         |     6 |     5 ||    11
       Dagger            |    28 |    22 ||    50
 Cast: Sting             |    41 |    31 ||    72
       Olgreb's Toxic Ra |       |     6 ||     6
  Use: Scroll            |     3 |     4 ||     7
       Potion            |     2 |     3 ||     5
  Eat: Bread ration      |     1 |       ||     1
       Beef jerky        |       |     1 ||     1
Armor: Skin              |     9 |     2 ||    11
Dodge: Dodged            |    42 |    15 ||    57
